 Dungeon Crawl Stone Soup version 0.30-b1-2-g02819fbbbe (webtiles) character file.

Game seed: 329266820659448912

72491 seren the Grappler (level 15, -7/158 HPs)
             Began as a Troll Monk on Jan 6, 2024.
             Was an Elder of Jiyva.
             Mangled by an orc warlord
             ... wielding a +0 long sword
              (30 damage)
             ... on level 2 of the Orcish Mines.
             The game lasted 01:14:20 (20019 turns).

seren the Grappler (Troll Monk)                    Turns: 20019, Time: 01:14:20

Health: -7/158     AC: 23    Str: 24    XL:     15   Next: 1%
Magic:  14/14      EV: 11    Int:  8    God:    Jiyva [****..]
Gold:   1600       SH:  0    Dex: 21    Spells: 11/14 levels left

rFire   . .          .
                       - Unarmed
rCold   . . .        c - orb {light}
rNeg    . . .        p - +2 storm dragon scales
rPois   .            (helmet restricted)
rElec   +            n - +0 cloak
rCorr   +            (gloves unavailable)
SInv    .            (boots unavailable)
Will    ++...        (no amulet) Stlth
                     k - ring of willpower
HPRegen 2.54/turn    l - +4 ring of protection
MPRegen 0.54/turn

%: no passive effects
@: mighty, calling ooze, glowing
A: large, unfitting armour, claws 3, regeneration 1, shaggy fur 1, tough skin 1,
agile 2, clever 1, mutation resistance 2, acidic bite, jelly absorbing missiles
a: Renounce Religion, Oozemancy, Slimify


You were on level 2 of the Orcish Mines.
You worshipped Jiyva.
Jiyva was greatly pleased with you.
You visited 4 branches of the dungeon, and saw 22 of its levels.
You also visited: Ossuary and Ice Cave.

You collected 1600 gold pieces.

Inventory:

Hand Weapons
 b - a +3 scimitar of flaming
 O - the +3 falchion of Qazlal's Approval {protect, rElec Will+++ Dex-3 Stlth+}
   (You found it on level 8 of the Dungeon)

   Dex:       It affects your dexterity (-3).
   rElec:     It insulates you from electricity.
   Will:      It greatly increases your willpower.
   Stlth:     It makes you more stealthy.
Missiles
 C - 9 curare-tipped darts
 F - 23 boomerangs
 Q - 3 throwing nets
 S - 3 atropa-tipped darts
Armour
 c - an orb of light (worn)
 n - a +0 cloak (worn)
 p - +2 storm dragon scales (worn)
Jewellery
 k - a ring of willpower (left claw)
 l - a +4 ring of protection (right claw)
 o - a ring of protection from fire
 q - a ring of ice
Wands
 s - a wand of charming (4)
 t - a wand of polymorph (13)
 x - a wand of quicksilver (3)
 I - a wand of mindburst (16)
 X - a wand of flame (6)
Scrolls
 d - a scroll of fog
 e - a scroll of magic mapping
 g - a scroll of torment {unknown}
 h - 3 scrolls of poison
 i - 3 scrolls of immolation {unknown}
 m - a scroll of brand weapon {unknown}
 u - 6 scrolls of amnesia
 A - 3 scrolls of teleportation
 E - a scroll of blinking {unknown}
 G - a scroll of noise {unknown}
 J - 2 scrolls of enchant weapon {unknown}
 L - 2 scrolls of fear {unknown}
 N - 3 scrolls of silence
 P - a scroll of enchant armour
Potions
 r - a potion of heal wounds
 v - 5 potions of curing
 w - 3 potions of attraction
 z - 2 potions of magic
 B - 2 potions of lignification
 D - 3 potions of flight
 H - a potion of ambrosia
 M - 4 potions of brilliance
 U - 3 potions of cancellation
 V - a potion of berserk rage
 Z - a potion of haste
Miscellaneous
 a - a phantom mirror
 f - a lightning rod (4/4)
 j - a box of beasts (quivered)
 T - a piece from Xom's chessboard (15/15)


   Skills:
 + Level 12.5 Fighting
 + Level 8.3 Throwing
 + Level 8.2 Armour
 + Level 8.2 Dodging
 + Level 14.6 Unarmed Combat
 + Level 2.1 Earth Magic
 - Level 6.0 Evocations


You had 11 spell levels left.
You knew the following spells:

 Your Spells              Type           Power      Damage    Failure   Level
a - Stone Arrow           Conj/Erth      2%         3d7       99%         3

Your spell library contained the following spells:

 Spells                   Type           Power      Damage    Failure   Level
 Kiss of Death            Conj/Necr      0%         2d5       94%         1
 Lesser Beckoning         Tloc           0%         N/A       98%         2
 Confusing Touch          Hex            0%         N/A       100%        3
 Gell's Gravitas          Tloc           0%         N/A       100%        3
 Ignite Poison            Fire/Tmut/Pois 0%         N/A       100%        3
 Portal Projectile        Hex/Tloc       0%         N/A       100%        3
 Teleport Other           Tloc           0%         N/A       100%        3
 Tukima's Dance           Hex            0%         N/A       100%        3
 Animate Armour           Summ/Erth      2%         N/A       100%        4
 Dispel Undead            Necr           0%         3d6       100%        4
 Passage of Golubria      Tloc           0%         N/A       100%        4
 Sticky Flame             Conj/Fire      0%         2d3       100%        4
 Blade Hands              Tmut           0%         N/A       100%        5
 Summon Forest            Summ/Tloc      0%         N/A       100%        5
 Yara's Violent Unravell  Hex/Tmut       0%         3d3       100%        5
 Eringya's Noxious Bog    Tmut/Pois      0%         N/A       100%        6
 Summon Hydra             Summ           0%         N/A       100%        7
 Ignition                 Fire           0%         3d3       100%        8
 Lehudib's Crystal Spear  Conj/Erth      0%         10d2      100%        8


Dungeon Overview and Level Annotations

Branches:
Dungeon (14/15)            Temple (1/1) D:7            Lair (5/5) D:11
  Swamp (0/4) Lair:3       Spider (0/4) Lair:3        Slime (0/5) Lair:4
    Orc (2/2) D:12        Ossuary (visited)           IceCv (visited)
    Elf: Orc:2       Vaults: D:13-14

Altars:
Ashenzari
Cheibriados
Dithmenos
Elyvilon
Fedhas
Gozag
Hepliaklqana
Kikubaaqudgha
Makhleb
Nemelex Xobeh
Okawaru
Qazlal
Ru
Sif Muna
Trog
Uskayaw
Vehumet
Wu Jian
Xom
Yredelemnul
Zin
The Shining One
Jiyva

Shops:
D:4 [   D:11 :   Orc:1 (   Orc:2 *(:[

Annotations:
D:2 exclusion: downstairs
D:3 ogre
D:7 1 exclusion
D:11 zin temple with gold
Lair:1 2 transporters
Lair:2 exclusion: downstairs
Lair:3 Gastronok


Innate Abilities, Weirdness & Mutations

You are too large for most types of armour.
You have claws for hands.
Your natural rate of healing is unusually fast.
You are covered in fur. (AC +1)
You have tough skin. (AC +1)
You are very agile. (Dex +8, Str/Int -2)
Your mind is acute. (Int +4, Str/Dex -1)
You are somewhat resistant to both further mutation and mutation removal.
You have acidic saliva.
You have a small jelly attached to you that may absorb projectiles.


Message History

The orc knight barely misses you.
The jelly closely misses the orc warlord.
You feel very mighty all of a sudden.
The walls burn the orc warlord!
The orc warlord hits you with a +0 long sword!!
The wall burns the orc knight!
The orc knight hits you from afar with a +0 halberd!
The jelly hits the orc warlord but does no damage.
You mangle the orc warlord!!
The orc warlord is moderately wounded.
The orc high priest no longer looks unusually strong.
The orc knight no longer looks unusually strong.
The walls burn the orc warlord!
The orc warlord roars a battlecry!
The orcs go into a battle-frenzy!
The wall burns the orc knight!
The orc knight roars a battlecry!
The jelly hits the orc warlord but does no damage.
You hear a shout!
An ogre comes into view. It is wielding a +0 giant club.
The walls burn the orc warlord!
The wall burns the orc knight!
The jelly hits the orc knight but does no damage.
You claw the orc warlord!
You bite the orc warlord, but do no damage.
The orc warlord is heavily wounded.
The jelly barely misses the orc knight.
You claw the orc warlord!
The orc warlord is severely wounded.
The orc warlord hits you with a +0 long sword!
* * * LOW HITPOINT WARNING * * *
The walls burn the orc high priest!
The walls burn the orc knight!
The orc knight hits you from afar with a +0 halberd!!
* * * LOW HITPOINT WARNING * * *
An orc warrior comes into view. It is wielding a +0 war axe.
The jelly misses the orc knight.
The jelly hits the orc knight.
The orc knight is splashed with acid.
As you read the scroll of fog, it crumbles to dust.
The scroll dissolves into smoke.
The orc warlord hits you with a +0 long sword!!
You die...

....... #.... ### ###
..#....##.## #####.#####
.........o.# ##.##...#..##
.......##.## ##....#.#....#
...#.##o..o####..............
....#....o###.§.............#
.....o....oJ§§§.##.#...##.###
....#....J§o@§.### #.....###
...........§§§...####......##
..........§...§...##...#....#
...............J............#
...............P.......#.#.##
.#............P........#.###
...........P..............#
..............8..........##
...........P...∩....P.....##


You could see an orc warlord (strong), an orc knight (strong, distracted), an
orc high priest (strong), 2 orc warriors and a neutral jelly (wandering) (fellow
slime).

Vanquished Creatures
  Frances (D:13)
  Fannar (Orc:1)
  3 hydras
  2 ironbound frosthearts (IceCv)
  3 centaur warriors (D:13)
  2 catoblepae
  19 death yaks
  A deep troll shaman (Lair:5)
  3 orc high priests (Orc:2)
  Sonja (D:12)
  2 skysharks
  A bog body (Lair:3)
  An orc knight (D:12)
  3 orc sorcerers (Orc:2)
  An ugly thing (D:12)
  A manticore (D:11)
  2 black mambas (Lair:1)
  18 elephants
  An ice statue (IceCv)
  A gargoyle (D:12)
  4 kobold demonologists
  14 cane toads
  7 komodo dragons
  5 rime drakes
  2 ice devils (Lair:4)
  An efreet (D:13)
  11 polar bears
  4 trolls
  A meliai (D:13)
  9 blink frogs (Lair:5)
  2 hornets (D:9)
  A water elemental (D:12)
  Sigmund (D:5)
  7 wyverns
  52 yaks
  A wraith (D:12)
  4 fire bats (Lair:4)
  3 redbacks (Lair:3)
  3 basilisks
  4 vampire mosquitoes
  8 wargs
  Menkaure (D:4)
  3 steam dragons
  An acid dragon (D:10)
  17 orc warriors
  7 water moccasins
  8 ice beasts
  2 black bears
  A black bear (shapeshifter) (D:14)
  6 ogres
  49 wolves
  8 centaurs
  A phantom (D:6)
  3 kobold brigands
  16 bullfrogs
  2 gnoll sergeants
  4 scorpions
  17 wights
  23 killer bees
  A howler monkey (D:9)
  6 electric eels
  3 centaur zombies (Ossuary)
  A lava snake (Lair:4)
  4 human zombies (Ossuary)
  4 orc priests
  3 jellies
  2 gnoll boudas
  Natasha (thrice) (D:4)
  3 iguanas
  A sleepcap (D:5)
  21 orc wizards
  8 hell rats (Lair:2)
  2 mummies (Ossuary)
  15 gnolls
  6 adders
  15 river rats (Lair:2)
  A shadow imp (D:7)
  3 ufetubi
  An adder zombie (Ossuary)
  A worm (D:4)
  3 dart slugs
  30 orcs
  8 ball pythons
  8 endoplasms
  4 giant cockroaches
  5 goblins
  7 hobgoblins
  8 jackals
  21 kobolds
  8 quokkas
  A bat (D:1)
  3 frilled lizards
  A goblin zombie (Ossuary)
  11 hobgoblin zombies (Ossuary)
  A jackal zombie (Ossuary)
  6 kobold zombies (Ossuary)
  8 orc zombies (Ossuary)
  15 rats
  2 rat zombies (Ossuary)
634 creatures vanquished.

Vanquished Creatures (others)
  3 orc warriors (D:12)
  36 jellies
  An orc wizard (D:12)
  6 orcs (D:12)
  A bush (D:6)
  69 fungi
  99 plants
215 creatures vanquished.

Grand Total: 849 creatures vanquished

Notes
Turn   | Place    | Note
-------+----------+-------------------------------------------
     0 | D:1      | seren the Troll Monk began the quest for the Orb.
     0 | D:1      | Reached XP level 1. HP: 22/22 MP: 0/0
   176 | D:1      | Reached XP level 2. HP: 29/29 MP: 1/1
   880 | D:1      | Reached XP level 3. HP: 36/36 MP: 2/2
  1069 | D:2      | Found a burning altar of Makhleb.
  1824 | D:3      | Reached XP level 4. HP: 45/45 MP: 3/3
  1893 | D:3      | Noticed an ogre
  2321 | D:4      | Found Fubalimo's Armour Emporium.
  2377 | D:4      | Noticed Natasha
  2379 | D:4      | Noticed a black bear
  2405 | D:4      | Killed Natasha
  2411 | D:4      | Noticed an ogre
  2434 | D:4      | Noticed a scorpion
  2442 | D:4      | Killed a scorpion
  2443 | D:4      | Reached skill level 1 in Armour
  2443 | D:4      | Reached skill level 4 in Unarmed Combat
  2443 | D:4      | Reached XP level 5. HP: 53/53 MP: 4/4
  2451 | D:4      | Killed an ogre
  2494 | D:4      | Noticed Natasha
  2511 | D:4      | Killed Natasha
  2512 | D:4      | Reached XP level 6. HP: 61/61 MP: 5/5
  2539 | D:4      | Noticed Menkaure
  2546 | D:4      | Killed Menkaure
  2656 | D:4      | Found a sand-covered staircase.
  2661 | Ossuary  | Entered an ossuary
  2843 | Ossuary  | Reached XP level 7. HP: 70/70 MP: 6/6
  2904 | Ossuary  | Reached skill level 5 in Unarmed Combat
  2943 | D:4      | Noticed Natasha
  2950 | D:4      | Killed Natasha
  3595 | D:5      | Entered Level 5 of the Dungeon
  3628 | D:5      | Reached XP level 8. HP: 79/79 MP: 7/7
  3640 | D:5      | Noticed Sigmund
  3653 | D:5      | Killed Sigmund
  3665 | D:5      | Reached skill level 1 in Throwing
  3760 | D:5      | Found a hazy altar of Hepliaklqana.
  3843 | D:5      | Found a blossoming altar of Fedhas.
  4272 | D:5      | Reached skill level 5 in Fighting
  4272 | D:5      | Reached skill level 5 in Dodging
  4272 | D:5      | Reached skill level 6 in Unarmed Combat
  4661 | D:6      | Reached XP level 9. HP: 88/88 MP: 8/8
  5119 | D:7      | Found a staircase to the Ecumenical Temple.
  5127 | Temple   | Entered the Ecumenical Temple
  5364 | D:7      | Found a sacrificial altar of Ru.
  5641 | D:7      | Reached skill level 7 in Unarmed Combat
  5720 | D:7      | Reached skill level 5 in Armour
  6020 | D:7      | Noticed a komodo dragon
  6072 | D:7      | Killed a komodo dragon
  6156 | D:7      | Noticed a boulder beetle
  6323 | D:8      | Reached skill level 8 in Unarmed Combat
  6554 | D:7      | Reached XP level 10. HP: 100/100 MP: 9/9
  6882 | D:8      | Identified the +3 falchion of Qazlal's Approval {protect,
                  | rElec Will+++ Dex-3 Stlth+}
  7200 | D:9      | Reached skill level 9 in Unarmed Combat
  7296 | D:9      | Reached skill level 5 in Throwing
  7991 | D:9      | Found a radiant altar of Vehumet.
  8038 | D:9      | Found a stormy altar of Qazlal.
  8038 | D:9      | Found an ornate altar of the Wu Jian Council.
  8070 | D:9      | Reached XP level 11. HP: 105/111 MP: 10/10
  8159 | D:10     | Entered Level 10 of the Dungeon
  8183 | D:10     | Found a glowing silver altar of Zin.
  8201 | D:10     | Found a white marble altar of Elyvilon.
  8267 | D:10     | Noticed a soul eater
  9026 | D:11     | Found a glowing silver altar of Zin.
  9149 | D:11     | Reached skill level 1 in Evocations
  9426 | D:11     | Reached skill level 10 in Unarmed Combat
  9600 | D:11     | Found a staircase to the Lair.
  9659 | D:11     | Found Qerukot's Book Shop.
 10110 | Lair:1   | Entered Level 1 of the Lair of Beasts
 10161 | D:12     | Noticed a cyan ugly thing
 10176 | D:12     | Killed a cyan ugly thing
 10212 | D:12     | Noticed Frances
 10247 | D:12     | You fall into a shaft and drop 2 floors!
 10345 | D:13     | Noticed a centaur warrior
 10365 | D:13     | Killed a centaur warrior
 10374 | D:13     | Noticed a centaur warrior
 10394 | D:13     | Killed a centaur warrior
 10488 | D:13     | Noticed a centaur warrior
 10503 | D:13     | Killed a centaur warrior
 10504 | D:13     | Reached XP level 12. HP: 108/123 MP: 11/11
 10561 | D:13     | Noticed a four-headed hydra
 10571 | D:13     | Killed a one-headed hydra
 10604 | D:13     | Killed Frances
 10734 | Lair:1   | Found a transporter.
 10965 | Lair:1   | Reached skill level 11 in Unarmed Combat
 11131 | Lair:1   | Found a transporter.
 11491 | Lair:1   | Reached skill level 5 in Evocations
 12897 | Lair:3   | Noticed a catoblepas
 13050 | Lair:3   | Killed a catoblepas
 13051 | Lair:3   | Reached XP level 13. HP: 76/133 MP: 12/12
 13186 | Lair:3   | Found a hole to the Spider Nest.
 13774 | Lair:3   | Reached skill level 10 in Fighting
 13795 | Lair:3   | Found a staircase to the Swamp.
 14085 | Lair:3   | Noticed Gastronok
 14150 | Lair:4   | Found a frozen archway.
 14167 | IceCv    | Entered an ice cave
 14454 | IceCv    | Reached skill level 12 in Unarmed Combat
 15491 | Lair:4   | Found a viscous altar of Jiyva.
 15491 | Lair:4   | Found a staircase to the Slime Pits.
 15495 | Lair:4   | Became a worshipper of Jiyva Joruseyr the Shapeless
 15495 | Lair:4   | Reached * piety under Jiyva
 15495 | Lair:4   | Reached ** piety under Jiyva
 15891 | Lair:4   | Reached XP level 14. HP: 127/144 MP: 13/13
 15989 | Lair:4   | Reached *** piety under Jiyva
 16057 | Lair:3   | Reached skill level 13 in Unarmed Combat
 16112 | Lair:4   | Gained mutation: You are agile. (Dex +4, Str/Int -1)
                  | [Jiyva's grace]
 16112 | Lair:4   | Gained mutation: You are very agile. (Dex +8, Str/Int -2)
                  | [Jiyva's grace]
 16112 | Lair:4   | Gained mutation: Your mind is acute. (Int +4, Str/Dex -1)
                  | [Jiyva's grace]
 16112 | Lair:4   | Gained mutation: Your mind is very acute. (Int +8, Str/Dex
                  | -2) [Jiyva's grace]
 16325 | Lair:5   | Entered Level 5 of the Lair of Beasts
 17364 | Lair:5   | Reached **** piety under Jiyva
 17631 | Lair:5   | Reached skill level 14 in Unarmed Combat
 18023 | D:11     | Learned a level 3 spell: Stone Arrow
 18124 | D:12     | Noticed Sonja
 18169 | D:12     | Killed Sonja
 18513 | D:12     | Found a staircase to the Orcish Mines.
 19102 | Orc:1    | Entered Level 1 of the Orcish Mines
 19142 | Orc:1    | Reached skill level 1 in Earth Magic
 19142 | Orc:1    | Noticed Fannar
 19237 | Orc:1    | Killed Fannar
 19405 | Orc:1    | Found Fienug's Antique Weapon Shop.
 19511 | Orc:2    | Entered Level 2 of the Orcish Mines
 19511 | Orc:2    | Lost mutation: Your mind is very acute. (Int +8, Str/Dex
                  | -2) [Jiyva's grace]
 19511 | Orc:2    | Gained mutation: You have a small jelly attached to you
                  | that may absorb projectiles. [Jiyva's grace]
 19511 | Orc:2    | Gained mutation: You have acidic saliva. [Jiyva's grace]
 19511 | Orc:2    | Gained mutation: You are somewhat resistant to further
                  | mutation. [Jiyva's grace]
 19511 | Orc:2    | Gained mutation: You are somewhat resistant to both further
                  | mutation and mutation removal. [Jiyva's grace]
 19636 | Orc:2    | Found Potub's Antique Armour Shop.
 19813 | Orc:2    | Found Zarat's Antique Weapon Emporium.
 19820 | Orc:2    | Reached ***** piety under Jiyva
 19823 | Orc:2    | Found Jaggiat's Book Boutique.
 19972 | Orc:2    | Reached XP level 15. HP: 146/158 MP: 14/14
 19994 | Orc:2    | Found Huit's General Store.
 20019 | Orc:2    | Mangled by an orc warlord

Illustrated notes

Levels and vault maps discovered:
D:1:      minmay_arrival_solitary_statue, layout_loops_corners, minivault_5,
          serial_bayou_pond_c, minmay_misc_feat_rows
D:2:      layout_basic, basic_altar
D:3:      minmay_skewed_foursquare, layout_basic
D:4:      layout_gridville, portal_sewer_entry_f, serial_shops,
          nicolae_stop_n_shop_2, lightli_ossuary_entry_decrepit_ruins,
          uniq_menkaure, uniq_natasha
D:5:      layout_layer_cave, nicolae_hepliaklqana_hazy_memory, fedhas_altar_3,
          uniq_sigmund
D:6:      layout_basic, kb_lookout_dungeons_type, grunt_decor_junction,
          kennysheep_cross_room
D:7:      layout_gridville, mainiacjoe_overflow_six_doors_small,
          minmay_temple_entry_mini_moons, minivault_26, serial_bayou_pond_e,
          wad_mini_maze
D:8:      layout_cave_pools, eino_jars
D:9:      layout_loops_corners, marbit_many_paths,
          gammafunk_temple_overflow_elements
D:10:     layout_loops_ring, grunt_temple_overflow_open
D:11:     layout_stronghold, hellmonk_lair_entry_icy, serial_shops,
          nicolae_shop_stone, zin_treasury
D:12:     layout_loops_ring, erik_orc_2, minivault_5, uniq_frances, uniq_sonja
D:13:     layout_loops_cross, david_vaults_1, nrook_campfire,
          dreamdust_mushroom_princess
D:14:     layout_basic, chequers_arboretum, uniq_snorg
Temple:   eino_temple_water
Lair:1:   gammafunk_worm_tunnel, layout_chaotic_city, beast_lair_carwin_7
Lair:2:   lemuel_ratsnest, layout_regular_city
Lair:3:   layout_cave_pods, skrybe_swamp_entry_bodies, spider_nest_entry_webs,
          serial_bayou_lake_a, infiniplex_staircase_pool_2, uniq_gastronok
Lair:4:   layout_gridlike, dpeg_slime_entry_enclosed,
          portal_ice_cave_demonic_guard, serial_bayou_shore_a
Lair:5:   grunt_lair_end_beastmaster, layout_regular_city
Orc:1:    layout_caves, serial_shops, nicolae_lakefront_shop, uniq_fannar
Orc:2:    grunt_orc_gardens, layout_caves, grunt_orc_garden, grunt_orc_garden,
          grunt_orc_garden, grunt_orc_garden, basic_altar

Skill      XL: |  1  2  3  4  5  6  7  8  9 10 11 12 13 14 |
---------------+-------------------------------------------+-----
Fighting       | 3 4 5 6 7 9 10 12 | 12.5
Dodging        | 3 4 5 6 7 8 |  8.2
Armour         | 1 2 3 4 5 6 7 8 |  8.2
Unarmed Combat | 4 5 6 8 9 10 11 12 14 | 14.6
Throwing       | 2 3 5 6 7 8 |  8.3
Evocations     | 4 5 6 |  6.0
Earth Magic    | 2 |  2.1

Action                     |  1- 3 |  4- 6 |  7- 9 | 10-12 | 13-15 || total
---------------------------+-------+-------+-------+-------+-------++-------
  Melee: Unarmed           |    92 |   118 |   281 |   700 |   863 ||  2054
         Scimitar          |       |       |       |     7 |    11 ||    18
         Bite              |       |       |       |       |    17 ||    17
  Throw: Boomerang         |       |       |       |       |     8 ||     8
 Invoke: Oozemancy         |       |       |       |       |     3 ||     3
  Evoke: Wand              |       |       |       |     5 |       ||     5
    Use: Scroll            |       |     5 |     3 |    16 |     8 ||    32
         Potion            |       |       |     1 |     4 |     3 ||     8
   Stab: Petrified         |       |       |       |     4 |       ||     4
 Armour: Robe              |    26 |       |       |       |       ||    26
         Storm dragon scal |       |    57 |   168 |   490 |   568 ||  1283
         Skin              |       |       |    17 |       |       ||    17
         Ice dragon scales |       |       |       |       |    56 ||    56
  Dodge: Dodged            |    42 |    34 |   110 |   273 |   437 ||   896
